cohdb
Replays
Latest Replays
All Replays
Popular Replays
Top Player Replays
Match Explorer
How It Works
Community
CoH3 Stats
Reddit
Sign in to upload your games and track your stats! →
Sign in with Steam
Match 46370620
Unlisted
Match 46370620
Overview
Messages
Build Orders
End
Selects Italian Coastal Battlegroup
Selects Coastal Reserves
Coastal Reserve
Construct Infanterie Kompanie
Grenadier Squad
MG 42 Machine Gun Team
Construct Panzergrenadier Kompanie
Panzergrenadier Squad
Selects Designate Defensive Line
Selects Rapid Fortifications
Pak 40 Anti-tank Gun Team
Rapid Fortifications
Panzergrenadier Officer Quarters
CAuMOH
✠Kaiser✠ tushkan
UMirinBrah?
Ghost
0
0
Comments
sign in to comment!
No comments posted yet!